 Dungeon Crawl Stone Soup version 0.31.0-12-g77e489cdc1 (webtiles) character file.

Game seed: 16407264356168534852

51 jimonade the Ruffian (level 3, -4/33 HPs)
             Began as a Troll Warper on Mar 2, 2024.
             Slain by a gnoll
             ... wielding a +0 halberd
              (13 damage)
             ... on level 2 of the Dungeon.
             The game lasted 00:01:14 (675 turns).

jimonade the Ruffian (Troll Warper)                  Turns: 675, Time: 00:01:14

Health: -4/33      AC:  4    Str: 21    XL:     3   Next: 57%
Magic:  3/3        EV:  9    Int:  9    God:
Gold:   52         SH:  0    Dex:  9    Spells: 4/4 levels left

rFire   . .          .
                       - Unarmed
rCold   . . .        (no shield)
rNeg    . . .        a - +0 robe
rPois   .            (helmet restricted)
rElec   .            (no cloak)
rCorr   .            (gloves unavailable)
SInv    .            (boots unavailable)
Will    .....        (no amulet)
Stlth   +            (no ring)
HPRegen 1.05/turn    (no ring)
MPRegen 0.08/turn

%: no passive effects
@: no status effects
A: large, unfitting armour, claws 3, regeneration 1, shaggy fur 1, tough skin 1
a: no special abilities


You were on level 2 of the Dungeon.
You visited 1 branch of the dungeon, and saw 2 of its levels.

You collected 52 gold pieces.

Inventory:

Missiles
 c - 7 darts of dispersal (quivered)
 h - 9 stones
 i - 6 poisoned darts
Armour
 a - a +0 robe (worn)
Talismans
 f - a maw talisman
Scrolls
 b - a scroll of blinking
 d - 3 scrolls of identify {unknown}
 e - a scroll of teleportation {unknown}
 g - a scroll of vulnerability {unknown}
Potions
 j - a potion of lignification {unknown}


   Skills:
 - Level 1.5 Fighting
 - Level 0.8 Throwing
 - Level 1.9 Dodging
 + Level 4.0 Unarmed Combat
 - Level 1.2 Spellcasting
 - Level 2.1 Translocations


You had 4 spell levels left.
You didn't know any spells.
Your spell library contained the following spells:

 Spells                   Type           Power      Damage    Failure   Level
 Blink                    Tloc           8%         N/A       22%         2
 Lesser Beckoning         Tloc           8%         N/A       22%         2
 Teleport Other           Tloc           4%         N/A       41%         3
 Manifold Assault         Tloc           4%         N/A       82%         4
 Vhi's Electric Charge    Tloc/Air       4%         N/A       93%         4


Dungeon Overview and Level Annotations

Branches:
Dungeon (2/15) Zot: 11328

Altars:


Innate Abilities, Weirdness & Mutations

You are too large for most types of armour.
You have claws for hands.
Your natural rate of healing is unusually fast.
You are covered in fur. (AC +1)
You have tough skin. (AC +1)


Message History

A goblin comes into view. It is wielding a +0 dagger.
The goblin shouts!
A goblin comes into view. It is wielding a +0 dagger.
The goblin shouts!
You claw the goblin!
You kill the goblin!
You barely miss the goblin. The goblin hits you but does no damage.
You barely miss the goblin. You claw the goblin!
You kill the goblin!
Things that are here:
a +0 dagger; a +0 dagger; a goblin corpse The goblin hits you with a +0 dagger.
You claw the goblin!
You kill the goblin!
No target in view!
No target in view!
You now have 38 gold pieces (gained 16).
j - a blue potion
Things that are here:
a +0 dagger; a +0 dagger; a goblin corpse
d - 3 scrolls labelled GATZOEL MUDOC (gained 1)
A rat comes into view.
Found 14 gold pieces.
A rat is nearby!
The rat squeaks loudly.
You claw the rat!
You kill the rat!
Your Unarmed Combat skill increases to level 4!
No target in view!
No target in view!
You now have 52 gold pieces (gained 14).
There is a stone staircase leading down here.
A kobold and a ball python come into view.
The kobold shouts!
The ball python hisses angrily.
The kobold throws a stone.
The stone closely misses you.
The ball python bites you but does no damage.
You scratch the ball python.
The ball python is moderately wounded.
The kobold hits you with a +0 short sword.
The ball python closely misses you.
You claw the ball python!
You kill the ball python!
The kobold hits you but does no damage.
You closely miss the kobold. The kobold barely misses you.
You barely miss the kobold.
The kobold hits you with a +0 short sword.
You scratch the kobold but do no damage.
The kobold hits you but does no damage.
You barely miss the kobold. Your claw misses the kobold.
The kobold hits you but does no damage.
You barely miss the kobold.
The kobold hits you with a +0 short sword.
You scratch the kobold.
The kobold is severely wounded.
The kobold hits you but does no damage.
You barely miss the kobold.
The kobold is severely wounded.
The kobold hits you with a +0 short sword.
You closely miss the kobold.
The kobold is severely wounded.
The kobold barely misses you.
You claw the kobold!
You kill the kobold!
No target in view!
h - 9 stones (gained 5)
Things that are here:
a +0 short sword; a kobold corpse You see here a +0 dagger.
Done exploring.
Done exploring.
Search for what [? for help]? .
Things that are here:
a +0 dagger; a +0 dagger; a goblin corpse
There is a stone staircase leading down here.
You climb downwards.
The gnoll shouts!
Found 3 gold pieces.
Found a stone staircase leading up.
There is a stone staircase leading up here.
There are monsters nearby!
You scratch the gnoll. You claw the gnoll.
The gnoll is heavily wounded.
You closely miss the gnoll.
The gnoll is heavily wounded.
The gnoll hits you from afar with a +0 halberd.
The gnoll barely misses you.
You scratch the gnoll but do no damage.
The gnoll is heavily wounded.
The gnoll closely misses you. x2
You scratch the gnoll.
The gnoll is severely wounded.
The gnoll hits you from afar with a +0 halberd!
The gnoll hits you from afar with a +0 spear.
The gnoll hits you with a +0 whip!
You closely miss the gnoll.
The gnoll is severely wounded.
The gnoll hits you from afar with a +0 spear!
* * * LOW HITPOINT WARNING * * *
The gnoll hits you from afar with a +0 halberd!
You die...

############
#......<@g.#
.............#
.........gg..#
.............#
....$........#
...............
..............##
..............#


You could see 3 gnolls.

Vanquished Creatures
  A gnoll (D:1)
  A dart slug (D:1)
  5 ball pythons (D:1)
  4 endoplasms (D:1)
  4 goblins (D:1)
  4 hobgoblins (D:1)
  4 jackals (D:1)
  2 kobolds (D:1)
  2 quokkas (D:1)
  3 bats (D:1)
  2 frilled lizards (D:1)
  2 rats (D:1)
34 creatures vanquished.

Notes
Turn   | Place    | Note
-------+----------+-------------------------------------------
     0 | D:1      | jimonade the Troll Warper began the quest for the Orb.
     0 | D:1      | Reached XP level 1. HP: 19/19 MP: 1/1
    35 | D:1      | Reached XP level 2. HP: 27/27 MP: 2/2
   185 | D:1      | Reached skill level 3 in Unarmed Combat
   259 | D:1      | Reached XP level 3. HP: 25/33 MP: 3/3
   586 | D:1      | Reached skill level 4 in Unarmed Combat
   675 | D:2      | Slain by a gnoll

Illustrated notes

Levels and vault maps discovered:
D:1:      amcnicky_arrival_feature_with_door, layout_basic
D:2:      layout_rooms, dreamdust_ecumenical_altar_angels_and_demons,
          minmay_misc_feat_cross

Skill      XL: |  1  2  3 |
---------------+----------+-----
Unarmed Combat | 3 4 |  4.0
Fighting       | |  1.5
Throwing       | |  0.8
Dodging        | |  1.9
Spellcasting   | |  1.2
Translocations | |  2.1

Action                     || total
---------------------------++-------
  Melee: Unarmed           ||    80
         Punch             ||     3
 Armour: Robe              ||    53
  Dodge: Dodged            ||    41
